 Dungeon Crawl Stone Soup version 0.20-a0-1023-gc4d110f (webtiles) character file.

89 M4edhros the Insei (level 4, 0/21 HPs)
             Began as a Vine Stalker Transmuter on Apr 19, 2017.
             Was an Initiate of Cheibriados.
             Slain by a gnoll (5 damage)
             ... on level 4 of the Dungeon.
             The game lasted 00:04:28 (1106 turns).

M4edhros the Insei (Vine Stalker Transmuter)        Turns: 1106, Time: 00:04:29

Health: 0/21       AC: 10    Str: 13    XL:     4   Next: 55%
Magic:  0/8        EV:  3    Int: 19    God:    Cheibriados [......]
Gold:   123        SH:  0    Dex: 17    Spells: 6/7 levels left

rFire    . . .     SeeInvis .     - Unarmed
rCold    . . .     Gourm    .   (no shield)
rNeg     . . .     Faith    .   j - +0 plate armour
rPois    .         Spirit   +   (no helmet)
rElec    .         Reflect  .   (no cloak)
rCorr    .         Harm     .   (no gloves)
MR       .....                  (no boots)
Stlth    ..........             (no amulet)
Regen    0.5/turn               (no ring)
MPRegen  0.2/turn               (no ring)

@: brilliant, appendage (expiring), very slow
A: fangs 2, horns 2, regeneration 1, magic shield, antimagic bite, no potion
heal 3, rot immunity
a: End Transformation, Bend Time, Renounce Religion


You were on level 4 of the Dungeon.
You worshipped Cheibriados.
Cheibriados was noncommittal.
You were not hungry.
You had grown temporary horns.
You visited 2 branches of the dungeon, and saw 5 of its levels.

You collected 123 gold pieces.

Inventory:

Missiles
 a - 26 arrows
 e - 6 tomahawks (quivered)
Armour
 b - a +0 robe
 j - a +0 plate armour (worn)
Wands
 q - a wand of paralysis (3/24)
Scrolls
 f - a scroll of remove curse
 k - a scroll of fog
 n - a scroll of identify {unknown}
Potions
 p - a potion of heal wounds
Books
 c - a book of Changes

   Spells                             Type                      Level
   a - Beastly Appendage              Transmutation                1
   b - Sticks to Snakes               Transmutation                2
   c - Spider Form                    Transmutation/Poison         3
   d - Ice Form                       Ice/Transmutation            4
   e - Blade Hands                    Transmutation                5
Comestibles
 d - 3 bread rations
 g - 3 chunks of flesh
 l - a meat ration
 m - 3 fruits
 o - a royal jelly


   Skills:
 - Level 0.8 Fighting
 - Level 1.5 Dodging
 + Level 4.0 Unarmed Combat
 - Level 2.1 Spellcasting
 + Level 3.7 Transmutations


You had 6 spell levels left.
You knew the following spells:

 Your Spells              Type           Power        Failure   Level  Hunger
a - Beastly Appendage     Tmut           ####..       50%         1    #......


Dungeon Overview and Level Annotations

Branches:
Dungeon (4/15)             Temple (1/1) D:4

Altars:
Ashenzari
Cheibriados
Dithmenos
Elyvilon
Fedhas
Gozag
Kikubaaqudgha
Ru
Sif Muna
Vehumet
Xom
Yredelemnul
Zin

Annotations:
D:4 M4edhros's ghost, weakling OpAr


Innate Abilities, Weirdness & Mutations

You have extremely sharp teeth.
Your natural rate of healing is unusually fast.
When hurt, damage is shared between your health and your magic reserves.
Your bite disrupts and absorbs the magic of your enemies.
Potions cannot restore your health.
You are immune to rotting.
You have a pair of horns on your head.


Message History

g - 3 chunks of flesh You see here a spear.
Your transformation is almost over.
There is a staircase back to the Dungeon here.
You climb upwards.
Welcome back to the Dungeon!
Level annotation: M4edhros's ghost, weakling OpAr The gnoll hits you with a halberd!
The gnoll hits you but does no damage.
M4edhros's ghost hits you but does no damage.
The gnoll hits you but does no damage.
There is a staircase to the Ecumenical Temple, spattered with blood here.
Okay, then.
The gnoll barely misses you. x2
The gnoll hits you from afar with a spear!
M4edhros's ghost hits you.
The gnoll hits you but does no damage. x2
The gnoll hits you from afar with a spear.
* * * LOW HITPOINT WARNING * * *
M4edhros's ghost hits you but does no damage.
Unknown command.
The gnoll hits you.
You die...

,,,,,,,,.....,,........,,,,,,,,,,
..,,,,,,.....###.....###,,**,,,,,
>.,,,,,,....(#≈≈≈≈≈≈≈≈≈#,.,,,,,,,
.####**,,....#≈#...(.#≈#..**,,,,,
.##.# ######..≈.......≈...**,,,,,
.##.# #.......≈...g...≈...***,***
.##.# #.###...≈.!Wg...≈...,,,,,,*
.##.# #.#.....≈.g.....≈...****,,*
....###.#.....≈.@gg...≈...* *,,*
.............#≈#.....#≈#..*****,*
###.####..#..#≈≈≈≈≈≈≈≈≈#,.,,,,,,,
#.# #..#..###.....###,******,,
#.#**#..#............,,,,,,,,,,
#..,,..%#....#.#.#.###,,,,,,,,,
#.#*##.##.####.#....,,,,,,,,,,,
#####**#.##.#**#.###..#**,,,,,,,,
.....,,......,,,,,,,,,,,,,,,,,,,,


You could see a gnoll shaman, M4edhros's ghost and 4 gnolls.

Vanquished Creatures
  An orc priest (D:4)
  2 gnolls
  An adder skeleton (D:4)
  2 leopard geckos
  2 orcs (D:4)
  2 bats
  2 giant cockroaches
  5 hobgoblins
  3 jackals (D:3)
  A kobold (D:1)
  A ball python (D:1)
  7 frilled lizards
  3 goblins (D:1)
  4 rats
36 creatures vanquished.

Notes
Turn   | Place    | Note
-------+----------+-------------------------------------------
     0 | D:1      | M4edhros the Vine Stalker Transmuter began the quest for the Orb.
     0 | D:1      | Reached XP level 1. HP: 9/9 MP: 4/4
   160 | D:3      | Reached XP level 2. HP: 8/14 MP: 3/6
   292 | D:2      | Found an opulent altar of Gozag.
   535 | D:1      | Reached XP level 3. HP: 11/17 MP: 5/7
   544 | D:1      | Found a shimmering altar of Xom.
   850 | D:4      | Gained mutation: Your natural rate of healing is unusually fast. [Vine Stalker growth]
   850 | D:4      | Reached XP level 4. HP: 13/21 MP: 8/8
   947 | D:4      | Found a staircase to the Ecumenical Temple.
   954 | D:4      | Noticed M4edhros's ghost (weakling OpAr)
   963 | Temple   | Entered the Ecumenical Temple
  1027 | Temple   | Became a worshipper of Cheibriados the Contemplative
  1098 | Temple   | Reached skill level 4 in Unarmed Combat
  1106 | D:4      | Slain by a gnoll

Vault maps used:
D:1:      saegor_arrival_simple_f, xom_teletrap_fun
D:2:      first_bread, nicolae_gozag_seed_capital
D:4:      grunt_temple_overflow_open, minmay_temple_entry_water_ring,
          uniq_sigmund
Temple:   minmay_crystal_spiral_temple

Skill      XL: |  1  2  3  4 |
---------------+-------------+-----
Transmutations | 3 |  3.7
Unarmed Combat | 4 |  4.0
Fighting       | |  0.8
Dodging        | |  1.5
Spellcasting   | |  2.1

Action                   |  1- 3 |  4- 6 || total
-------------------------+-------+-------++-------
Melee: Unarmed           |    97 |    18 ||   115
       Bite              |    28 |     3 ||    31
       Kick              |     3 |       ||     3
       Headbutt          |     1 |     4 ||     5
       Punch             |     1 |       ||     1
 Cast: Beastly Appendage |     6 |     1 ||     7
Evoke: Wand              |     3 |     1 ||     4
  Use: Scroll            |     4 |       ||     4
       Potion            |       |     3 ||     3
 Stab: Paralysed         |     4 |       ||     4
  Eat: Chunk             |       |     1 ||     1
Armor: Robe              |     3 |       ||     3
       Plate armour      |    65 |    23 ||    88
Dodge: Dodged            |    20 |     6 ||    26
